 Dungeon Crawl Stone Soup version 0.29-a0-653-gd47aff6735 (webtiles) character file.

Game seed: 3257529958947617507

80 loir the Magician (level 4, -2/33 HPs)
             Began as a Djinni Fire Elementalist on June 21, 2022.
             Slain by an iguana (11 damage)
             ... on level 3 of the Dungeon.
             The game lasted 00:12:29 (2315 turns).

loir the Magician (Djinni Fire Elementalist)        Turns: 2315, Time: 00:12:30

Health: -2/33      AC:  3    Str:  9    XL:     4   Next: 65%
Gold:   123        EV: 12    Int: 19    God:
                   SH:  0    Dex: 13

rFire   + + .      SeeInvis .   k - +11 dagger of Vinetyocoq {pain, rElec Str+2}
rCold   x . .      Faith    .   (no shield)
rNeg    . . .      Spirit   .   a - +0 robe
rPois   ∞          Reflect  .   (no helmet)
rElec   +          Harm     .   d - +0 cloak
rCorr   .          Rampage  .   (no gloves)
Will    .....                   (boots unavailable)
Stlth   ++........              (no amulet)
HPRegen 0.11/turn               (no ring)
MPRegen 0.00/turn               (no ring)

@: flying, very slightly contaminated
A: sickness immunity, fire resistance 2, cold vulnerability 1, float, innate
caster, HP casting, extra vitality 1
a: no special abilities


You were on level 3 of the Dungeon.
You visited 1 branch of the dungeon, and saw 3 of its levels.

You collected 123 gold pieces.

Inventory:

Hand Weapons
 f - a +0 hand axe of flaming
 h - a +0 rapier of protection
 k - the +11 dagger of Vinetyocoq (weapon) {pain, rElec Str+2}
   (You found it on level 2 of the Dungeon)

   In the hands of one skilled in necromantic magic, it inflicts extra damage on
   living creatures.
   Your inability to study Necromancy prevents you from drawing on the full
   power of this weapon.
   Str:       It affects your strength (+2).
   rElec:     It insulates you from electricity.
Missiles
 b - 6 atropa-tipped darts
 g - 14 stones
Armour
 a - a +0 robe (worn)
 d - a +0 cloak (worn)
Scrolls
 i - 2 scrolls of teleportation
 j - a scroll of blinking
Potions
 c - 2 potions of curing
 m - a potion of haste


   Skills:
 + Level 2.0 Fighting
 - Level 2.1 Dodging
 - Level 1.5 Stealth
 * Level 3.5 Spellcasting


You couldn't memorise any spells.
You knew the following spells:

 Your Spells              Type           Power      Damage    Failure   Level
a - Foxfire               Conj/Fire      64%        2x1d7     3%          1
b - Scorch                Fire           32%        2d6       4%          2
c - Conjure Flame         Conj/Fire      16%        6-21      10%         3
d - Inner Flame           Hex/Fire       16%        N/A       10%         3
e - Flame Wave            Conj/Fire      16%        2d6       32%         4
f - Slow                  Hex            64%        N/A       3%          1
Your spell library was empty.

Dungeon Overview and Level Annotations

Branches:
Dungeon (3/15)

Altars:

Annotations:
D:3 Ijyb, Sigmund


Innate Abilities, Weirdness & Mutations

You are immune to sickness and miasma.
You are immune to poison.
Your flesh is very heat resistant. (rF++)
You are vulnerable to cold. (rC-)
You float through the air rather than walking.
You learn spells naturally, not from books.
Your magical power is your life essence.
You have superior vitality. (+4 MHP)


Message History

Ijyb is moderately wounded.
Ijyb closely misses you.
You barely miss Ijyb.
Ijyb is moderately wounded.
Ijyb hits you with a +0 club.
Casting: Foxfire (safe; 3% risk of failure)
Press: ? - help, Q - select action, (/) - cycle Dir - look around, f - activate
Okay, then.
The hobgoblin attacks as you move away! The hobgoblin completely misses you.
Ijyb zaps a wand.
Some rock shatters into small pieces.
There is an open door here.
Items here: )) ††.
The iguana attacks as you move away! The iguana closely misses you.
Casting: Foxfire (safe; 3% risk of failure)
Confirm with . or Enter, or press ? or * to list all spells.
You miscast Scorch.
You are very lightly contaminated with residual magic.
Nothing appears to happen.
The hobgoblin hits you.
Casting: Scorch (safe; 5% risk of failure)
Confirm with . or Enter, or press ? or * to list all spells.
Flames lash Ijyb.
Ijyb is heavily wounded.
Ijyb's fire resistance burns away.
The hobgoblin closely misses you.
Ijyb zaps a wand.
Some rock shatters into small pieces.
Casting: Scorch (safe; 5% risk of failure)
Confirm with . or Enter, or press ? or * to list all spells.
Flames lash the hobgoblin.
You kill the hobgoblin!
Casting: Scorch (safe; 4% risk of failure)
Confirm with . or Enter, or press ? or * to list all spells.
Flames lash Ijyb.
Ijyb is burned terribly!
Ijyb is severely wounded.
The iguana misses you.
Casting: Scorch (safe; 4% risk of failure)
Confirm with . or Enter, or press ? or * to list all spells.
Flames lash Ijyb.
Ijyb is burned terribly!
Ijyb is almost dead.
* * * LOW HITPOINT WARNING * * *
Ijyb hits you but does no damage. The iguana bites you!
You die...

.# #########.#
#.......#.#
#.........###
+.............
#.........#...
#.......#...#
#.....@...#
#######lg.##
#........##
#......)##
#....)...
#..>..[.##
#.......#
#!......#
#......<#


You could see Ijyb (combustible) and an iguana.

Vanquished Creatures
  3 gnolls (D:3)
  A worm (D:2)
  An orc (D:2)
  A bat (D:2)
  5 endoplasms (D:1)
  4 giant cockroaches
  6 goblins
  4 hobgoblins
  3 jackals (D:1)
  3 quokkas (D:1)
  2 ball pythons
  A frilled lizard (D:1)
  7 kobolds
  A rat (D:1)
42 creatures vanquished.

Vanquished Creatures (others)
  104 foxfires
104 creatures vanquished.

Grand Total: 146 creatures vanquished

Notes
Turn   | Place    | Note
-------+----------+-------------------------------------------
     0 | D:1      | loir the Djinni Fire Elementalist began the quest for the
                  | Orb.
     0 | D:1      | loir set off with the following spells memorised: Foxfire,
                  | Scorch, Conjure Flame, Inner Flame, Flame Wave.
     0 | D:1      | Reached XP level 1. HP: 15/15 MP: 0/0
   446 | D:1      | Reached XP level 2. HP: 20/22 MP: 0/0
   654 | D:1      | Reached skill level 1 in Fighting
   712 | D:1      | Found a faded altar of an unknown god.
   905 | D:1      | Reached XP level 3. HP: 24/27 MP: 0/0
   905 | D:1      | Learned a level 1 spell: Slow
   907 | D:1      | Reached skill level 3 in Spellcasting
  1546 | D:2      | Identified the +11 dagger of Vinetyocoq {pain, rElec Str+2}
  1945 | D:2      | Reached XP level 4. HP: 25/32 MP: 0/0
  2278 | D:3      | Noticed Sigmund
  2300 | D:3      | Noticed Ijyb
  2315 | D:3      | Slain by an iguana

Illustrated notes

Levels and vault maps discovered:
D:1:      eino_arrival_tree_alley, layout_loops_ring,
          ebering_ecumenical_altar_rust
D:2:      layout_basic
D:3:      layout_basic, serial_shops, shop, uniq_ijyb, uniq_sigmund,
          uniq_grinder

Skill      XL: |  1  2  3  4 |
---------------+-------------+-----
Fighting       | 1 2 |  2.0
Spellcasting   | 3 |  3.5
Dodging        | |  2.1
Stealth        | |  1.5

Action                   |  1- 3 |  4- 6 || total
-------------------------+-------+-------++-------
Melee: Dagger            |     9 |     3 ||    12
       Rapier            |     5 |       ||     5
 Cast: Foxfire           |    62 |     7 ||    69
       Scorch            |     3 |     8 ||    11
  Use: Scroll            |     4 |     3 ||     7
Armor: Robe              |     7 |     2 ||     9
Dodge: Dodged            |     9 |     5 ||    14

Table legend: (Time is in decaauts)
 A = Elapsed time spent in this place.
 B = Non-inter-level travel time spent in this place.
 C = Inter-level travel time spent in this place.
 D = Time resting spent in this place.
 E = Time spent auto-exploring this place.
 F = Levels seen in this place.
 G = Mean time per level.
                   A        B        C        D        E       F      G
               +--------+--------+--------+--------+--------+-----+--------+
         Total |   2314 |   2266 |     48 |      0 |   1946 |   3 |  771.3 |
       Dungeon |   2314 |   2266 |     48 |      0 |   1946 |   3 |  771.3 |
               +--------+--------+--------+--------+--------+-----+--------+

Top non-repeatable levels by time:
     D:1: 1286 daAuts
     D:2: 991 daAuts
     D:3: 36 daAuts
